 Dungeon Crawl Stone Soup version 0.29.1-4-g47bece8355 (webtiles) character file.

Game seed: 10564467654261253184

60 ChadusMaximus the Caller (level 4, 0/30 HPs)
             Began as a Human Summoner on Dec 5, 2022.
             Slain by Sigmund
             ... wielding a +0 scythe
              (12 damage)
             ... on level 2 of the Dungeon.
             The game lasted 00:05:21 (1837 turns).

ChadusMaximus the Caller (Human Summoner)           Turns: 1837, Time: 00:05:22

Health: 0/30       AC:  3    Str:  8    XL:     4   Next: 25%
Magic:  2/7        EV: 12    Int: 18    God:
Gold:   35         SH:  0    Dex: 13    Spells: 3/8 levels left

rFire   . . .      SeeInvis .   j - +0 spear
rCold   . . .      Faith    .   (no shield)
rNeg    . . .      Spirit   .   a - +0 robe
rPois   .          Reflect  .   (no helmet)
rElec   .          Harm     .   (no cloak)
rCorr   .          Rampage  .   f - +0 pair of gloves
Will    .....                   (no boots)
Stlth   ++........              (no amulet)
HPRegen 0.10/turn               (no ring)
MPRegen 0.10/turn               (no ring)

@: no status effects
A: no striking features
a: no special abilities


You were on level 2 of the Dungeon.
You visited 1 branch of the dungeon, and saw 2 of its levels.

You collected 35 gold pieces.

Inventory:

Hand Weapons
 j - a +0 spear (weapon)
 o - a +0 club
Armour
 a - a +0 robe (worn)
 f - a +0 pair of gloves (worn)
Scrolls
 c - a scroll of noise {unknown}
 h - a scroll of vulnerability {unknown}
 i - a scroll of enchant armour {unknown}
 k - a scroll of amnesia {unknown}
 m - a scroll of immolation {unknown}
Potions
 b - a potion of magic
 d - a potion of heal wounds
 e - 2 potions of curing {unknown}
 g - a potion of brilliance {unknown}
 l - a potion of resistance {unknown}
 n - a potion of flight {unknown}


   Skills:
 - Level 2.4 Dodging
 - Level 2.5 Stealth
 + Level 2.5 Spellcasting
 + Level 0.7 Conjurations
 * Level 4.5 Summonings


You had 3 spell levels left.
You knew the following spells:

 Your Spells              Type           Power      Damage    Failure   Level
a - Summon Small Mammal   Summ           72%        N/A       2%          1
b - Magic Dart            Conj           20%        1d4       12%         1
c - Call Canine Familiar  Summ           18%        N/A       8%          3

Your spell library contained the following spells:

 Spells                   Type           Power      Damage    Failure   Level
 Call Imp                 Summ           18%        N/A       4%          2
 Summon Guardian Golem    Hex/Summ       10%        N/A       21%         3
 Stone Arrow              Conj/Erth      6%         3d7       41%         3
 Mephitic Cloud           Conj/Pois/Air  3%         N/A       43%         3
 Gell's Gravitas          Tloc           2%         N/A       45%         3
 Lesser Beckoning         Tloc           2%         N/A       45%         3
 Teleport Other           Tloc           2%         N/A       45%         3
 Animate Armour           Summ/Erth      20%        N/A       54%         4
 Summon Lightning Spire   Summ/Air       10%        N/A       54%         4
 Lehudib's Crystal Spear  Conj/Erth      1%         10d2      100%        8


Dungeon Overview and Level Annotations

Branches:
Dungeon (2/15)

Altars:

Annotations:
D:2 Sigmund


Message History

Your hound closely misses something.
Your hound bites something.
Something closely misses your hound.
Your hound closely misses something.
A giant cockroach comes into view.
Something hits your hound.
Your hound barely misses something.
Your hound bites something.
Something hits your hound.
Your hound bites something.
Your hound barely misses something.
Something closely misses your hound.
Your hound bites something.
Something hits your hound but does no damage.
Your hound barely misses something.
Your hound bites something.
Something closely misses your hound.
Your hound closely misses something.
Something hits your hound!
Your hound dies!
Your hound's corpse disappears in a puff of smoke!
You hear a shout!
Casting: Call Canine Familiar (quite dangerous; 8% risk of failure)
Confirm with . or Enter, or press ? or * to list all spells.
You don't know that spell.
Casting: Call Canine Familiar (quite dangerous; 8% risk of failure)
Confirm with . or Enter, or press ? or * to list all spells.
You don't know that spell.
Casting: Call Canine Familiar (quite dangerous; 8% risk of failure)
Confirm with . or Enter, or press ? or * to list all spells.
You don't know that spell.
Unknown command.
Casting: Call Canine Familiar (quite dangerous; 8% risk of failure)
Confirm with . or Enter, or press ? or * to list all spells.
You don't know that spell.
Casting: Call Canine Familiar (quite dangerous; 8% risk of failure)
Confirm with . or Enter, or press ? or * to list all spells.
The spell is quite dangerous to miscast (8% risk of failure)!
Continue anyway? [Y]es or [N]o only, please.
The spell is quite dangerous to miscast (8% risk of failure)!
Continue anyway?
A magic dart appears from out of thin air!
The magic dart hits you!
You see here a scroll labelled ITAL TOOTIWIHY.
You swap places.
Something hits you!
Your hound completely misses something.
Your hound barely misses something.
Something hits you!
You die...

#.# #.# #.# #.#
############.###.#
.....?...........#
.........###.#####
#######.#.##.#####
#$###<....@.# #
##.#)##[###h#####....
.#######.)###.#
#..BB......
...........@..#
###########
...#..........#
#..###..###.# #...
#..# #.# #.# #..# #.#
# #..# #.#


You could see a giant cockroach and a friendly hound (summoned).

Vanquished Creatures
  A ball python (D:2)
  A hobgoblin (D:2)
  A kobold (D:2)
3 creatures vanquished.

Vanquished Creatures (collateral kills)
  Jessica (D:2)
  2 dart slugs (D:1)
  2 bats (D:1)
  6 endoplasms (D:1)
  A giant cockroach (D:1)
  A kobold (D:1)
  2 quokkas (D:1)
  2 ball pythons (D:1)
  A frilled lizard (D:1)
  4 goblins
  3 rats (D:1)
25 creatures vanquished.

Grand Total: 28 creatures vanquished

Notes
Turn   | Place    | Note
-------+----------+-------------------------------------------
     0 | D:1      | ChadusMaximus the Human Summoner began the quest for the
                  | Orb.
     0 | D:1      | Reached XP level 1. HP: 13/13 MP: 3/3
   345 | D:1      | Reached XP level 2. HP: 17/19 MP: 1/5
   759 | D:1      | Found a faded altar of an unknown god.
   908 | D:1      | Reached XP level 3. HP: 24/24 MP: 3/6
  1387 | D:2      | Learned a level 1 spell: Magic Dart
  1407 | D:2      | Noticed Jessica
  1712 | D:1      | Learned a level 3 spell: Call Canine Familiar
  1733 | D:2      | Killed Jessica
  1734 | D:2      | Reached XP level 4. HP: 30/30 MP: 2/7
  1816 | D:2      | Noticed Sigmund
  1837 | D:2      | Slain by Sigmund

Illustrated notes

Levels and vault maps discovered:
D:1:      minmay_arrival_shattered_statue, layout_basic,
          hellmonk_ecumenical_altar_lost_god, minmay_misc_feat_encased
D:2:      layout_loops_ring, corner_web_ring, minmay_misc_feat_square,
          uniq_jessica, uniq_sigmund, uniq_robin

Action                   |  1- 3 |  4- 6 || total
-------------------------+-------+-------++-------
Melee: Unarmed           |    13 |       ||    13
       Spear             |       |     5 ||     5
 Cast: Summon Small Mamm |    54 |     1 ||    55
       Magic Dart        |     3 |     2 ||     5
       Call Canine Famil |     1 |     2 ||     3
  Use: Potion            |     1 |       ||     1
Armor: Robe              |    17 |       ||    17
Dodge: Dodged            |    34 |     2 ||    36
